 Dungeon Crawl Stone Soup version 0.30-a0-242-g7bf8e6d787 (webtiles) character file.

Game seed: 6736035346858075961

2216 funkygono the Firebug (level 9, -7/47 HPs)
             Began as a Gargoyle Fire Elementalist on Oct 10, 2022.
             Was a Believer of Vehumet.
             Mangled by a boulder beetle (16 damage)
             ... on level 7 of the Dungeon on Oct 11, 2022.
             The game lasted 00:16:33 (7741 turns).

funkygono the Firebug (Gargoyle Fire Elementalist)  Turns: 7741, Time: 00:16:33

Health: -7/47      AC: 13    Str: 13    XL:     9   Next: 35%
Magic:  18/19      EV: 14    Int: 19    God:    Vehumet [**....]
Gold:   339        SH:  0    Dex: 22    Spells: 11/22 levels left

rFire   . . .      SeeInvis .    c - +3 whip (holy)
rCold   . . .      Faith    .    (no shield)
rNeg    + . .      Spirit   .    a - +0 robe
rPois   ∞          Reflect  .    u - +1 helmet
rElec   +          Harm     .    (no cloak)
rCorr   .          Rampage  .    (no gloves)
Will    .....                    w - +2 pair of boots {Fly}
Stlth   ++........               x - amulet of the acrobat
HPRegen 0.27/turn                j - +6 ring of dexterity
MPRegen 0.16/turn                r - +6 ring of dexterity

@: flying
A: sickness immunity, AC +6, negative energy resistance 1, electricity
resistance, torment resistance 1, petrification resistance
a: Renounce Religion


You were on level 7 of the Dungeon.
You worshipped Vehumet.
Vehumet was pleased with you.
You visited 1 branch of the dungeon, and saw 7 of its levels.

You collected 339 gold pieces.

Inventory:

Hand Weapons
 c - a +3 whip of holy wrath (weapon)
 d - a +2 whip
Armour
 a - a +0 robe (worn)
 f - a +0 kite shield
 u - a +1 helmet (worn)
 w - a +2 pair of boots of flying (worn)
Jewellery
 j - a +6 ring of dexterity (left hand)
 r - a +6 ring of dexterity (right hand)
 x - an amulet of the acrobat (around neck)
 A - a ring of protection from cold
Wands
 e - a wand of roots (5)
 p - a wand of flame (22)
 t - a wand of polymorph (3)
 y - a wand of light (4)
 G - a wand of charming (6)
Scrolls
 g - 2 scrolls of silence
 n - 2 scrolls of blinking
 o - 2 scrolls of teleportation
 q - a scroll of vulnerability
 s - 4 scrolls of magic mapping
 v - 2 scrolls of summoning
 F - a scroll of immolation
Potions
 b - a potion of magic
 h - 3 potions of curing
 i - 2 potions of resistance
 k - 3 potions of mutation
 l - 2 potions of cancellation
 m - a potion of flight
 z - 2 potions of invisibility
 B - a potion of attraction
 C - a potion of might {unknown}
 D - a potion of brilliance {unknown}
 E - a potion of ambrosia {unknown}


   Skills:
 + Level 1.1 Fighting
 + Level 2.0 Maces & Flails
 + Level 3.1 Dodging
 - Level 2.1 Stealth
 + Level 7.0 Spellcasting
 + Level 5.7 Conjurations
 + Level 7.5 Fire Magic


You had 11 spell levels left.
You knew the following spells:

 Your Spells              Type           Power      Damage    Failure   Level
a - Foxfire               Conj/Fire      100%       2x1d9     1%          1
b - Scorch                Fire           70%        2d9       1%          2
c - Kindle Blastsparks    Fire/Tloc/Air  32%        2d12      11%         3
d - Flame Wave            Conj/Fire      31%        2d9       7%          4
e - Shock                 Conj/Air       68%        1d7       3%          1

Your spell library contained the following spells:

 Spells                   Type           Power      Damage    Failure   Level
 Inner Flame              Hex/Fire       20%        N/A       6%          3
 Apportation              Tloc           12%        N/A       10%         1
 Necrotise                Necr           24%        1d5       10%         1
 Summon Small Mammal      Summ           24%        N/A       10%         1
 Gell's Gravitas          Tloc           6%         N/A       30%         3
 Lesser Beckoning         Tloc           12%        N/A       30%         3
 Teleport Other           Tloc           6%         N/A       30%         3
 Summon Cactus Giant      Summ           3%         N/A       100%        6


Dungeon Overview and Level Annotations

Branches:
Dungeon (7/15)             Temple (0/1) D:5

Altars:
Cheibriados
Fedhas
Makhleb
Okawaru
Uskayaw
Vehumet
Xom


Innate Abilities, Weirdness & Mutations

You are immune to sickness and miasma.
Your stone body is resilient. (AC +6)
You are immune to poison.
You resist negative energy. (rN+)
You are resistant to electric shocks. (rElec)
You are resistant to unholy torment.
You are immune to petrification.


Message History

Okay, then.
Aiming: Throw Flame
Press: ? - help, Shift-Dir - straight line, f/p - boulder beetle
Aim: a boulder beetle (moderately wounded, wandering, blind, constricted by roots, hasn't noticed you, 100% to hit)
The puff of flame hits the boulder beetle but does no damage.
The boulder beetle is moderately wounded.
The grasping roots constrict the boulder beetle, but do no damage.
The boulder beetle is no longer blind.
The boulder beetle curls into a ball and begins rolling!
Aiming: Polymorph
Press: ? - help, Shift-Dir - straight line, f/p - boulder beetle
Aim: a boulder beetle (moderately wounded, rolling, constricted by roots, will become an alligator, an orb spider, or a wolf spider, chance to affect: 31%)
The boulder beetle easily resists.
The grasping roots constrict the boulder beetle.
The roots release their grip on the boulder beetle.
Aiming: Polymorph
Press: ? - help, Shift-Dir - straight line, f/p - boulder beetle
Aim: a boulder beetle (moderately wounded, rolling, will become an alligator, an orb spider, or a wolf spider, chance to affect: 31%)
The boulder beetle easily resists.
The boulder beetle completely misses you.
The boulder beetle stops rolling and uncurls.
Unknown command.
You hit the boulder beetle but do no damage.
The boulder beetle is moderately wounded.
The boulder beetle bites you!
You hit the boulder beetle but do no damage.
The boulder beetle is moderately wounded.
The boulder beetle bites you!
You hit the boulder beetle.
The boulder beetle is moderately wounded.
The boulder beetle bites you!
* * * LOW HITPOINT WARNING * * *
You hit the boulder beetle but do no damage.
The boulder beetle is moderately wounded.
The boulder beetle bites you.
* * * LOW HITPOINT WARNING * * *
You hit the boulder beetle but do no damage.
The boulder beetle is moderately wounded.
The boulder beetle bites you!
You die...

.. #.. #.# ##.##
#...# #...# #...#
#####..@##### #
#.###.....B.....#.##
.................>.
..#...........#.#
###.#....####
#.#....# #.#....#
#.#....## #.......#


You could see a boulder beetle.

Vanquished Creatures
  Sigmund (D:3)
  A wyvern (D:7)
  An ice beast (D:6)
  An ogre (D:5)
  A centaur (D:5)
  3 phantoms
  A gnoll sergeant (D:4)
  3 bullfrogs
  2 scorpions
  3 hounds
  A jelly (D:3)
  5 orc priests
  A gnoll bouda (D:7)
  3 iron imps (D:3)
  Jessica (D:3)
  Terence (D:2)
  4 iguanas
  Natasha (thrice) (D:3)
  5 orc wizards
  Robin (D:3)
  9 gnolls
  5 adders
  A shadow imp (D:5)
  2 white imps
  3 worms
  A dart slug (D:3)
  29 orcs
  3 endoplasms
  4 giant cockroaches
  9 hobgoblins
  11 jackals
  15 kobolds
  2 quokkas
  7 ball pythons
  6 bats
  6 frilled lizards
  18 goblins
  4 rats
177 creatures vanquished.

Vanquished Creatures (others)
  659 foxfires
659 creatures vanquished.

Grand Total: 836 creatures vanquished

Notes
Turn   | Place    | Note
-------+----------+-------------------------------------------
     0 | D:1      | funkygono the Gargoyle Fire Elementalist began the quest
                  | for the Orb.
     0 | D:1      | Reached XP level 1. HP: 10/10 MP: 3/3
   134 | D:1      | Reached XP level 2. HP: 15/15 MP: 0/5
   738 | D:1      | Reached XP level 3. HP: 19/19 MP: 3/6
   741 | D:1      | Learned a level 2 spell: Scorch
   745 | D:1      | Learned a level 3 spell: Kindle Blastsparks
  1721 | D:2      | Noticed Terence
  1766 | D:2      | Killed Terence
  1767 | D:2      | Reached XP level 4. HP: 9/24 MP: 0/7
  2484 | D:3      | Noticed Robin
  2628 | D:3      | Reached XP level 5. HP: 28/28 MP: 3/8
  2629 | D:3      | Killed Robin
  2630 | D:3      | Noticed Natasha
  2701 | D:3      | Killed Natasha
  2833 | D:3      | Found a snail-covered altar of Cheibriados.
  3081 | D:3      | Noticed Sigmund
  3089 | D:3      | Killed Sigmund
  3090 | D:3      | Reached skill level 1 in Maces & Flails
  3090 | D:3      | Reached XP level 6. HP: 21/33 MP: 1/11
  3144 | D:3      | Learned a level 4 spell: Flame Wave
  3238 | D:3      | Noticed Jessica
  3242 | D:3      | Killed Jessica
  3243 | D:3      | Upgraded the game from 0.30-a0-241-g1121274140 to
                  | 0.30-a0-242-g7bf8e6d787
  3442 | D:3      | Found a burning altar of Makhleb.
  3470 | D:3      | Reached skill level 5 in Fire Magic
  3470 | D:3      | Reached XP level 7. HP: 37/37 MP: 12/12
  3674 | D:3      | Noticed Natasha
  3678 | D:3      | Killed Natasha
  3723 | D:3      | Found a radiant altar of Vehumet.
  3729 | D:3      | Became a worshipper of Vehumet
  3871 | D:3      | Noticed Natasha
  3880 | D:3      | Killed Natasha
  5328 | D:5      | Entered Level 5 of the Dungeon
  5449 | D:5      | Reached XP level 8. HP: 42/42 MP: 3/14
  5762 | D:5      | Reached * piety under Vehumet
  5762 | D:5      | Offered knowledge of Sandblast by Vehumet.
  5763 | D:5      | Reached skill level 5 in Spellcasting
  5926 | D:5      | Reached skill level 1 in Fighting
  5959 | D:5      | Found an iron altar of Okawaru.
  6201 | D:5      | Found a staircase to the Ecumenical Temple.
  6304 | D:5      | Found a shimmering altar of Xom.
  6704 | D:6      | Reached skill level 5 in Conjurations
  6915 | D:6      | Found a blossoming altar of Fedhas.
  6992 | D:6      | Found a hide-covered altar of Uskayaw.
  7086 | D:6      | Offered knowledge of Shock by Vehumet.
  7087 | D:6      | Reached XP level 9. HP: 47/47 MP: 7/18
  7441 | D:7      | Reached ** piety under Vehumet
  7544 | D:7      | Noticed a boulder beetle
  7726 | D:6      | Learned a level 1 spell: Shock
  7741 | D:7      | Mangled by a boulder beetle

Illustrated notes

Levels and vault maps discovered:
D:1:      lemuel_arrival_tunnels, layout_loops_ring
D:2:      layout_loops_ring, chequers_serial_rivers_micro_b, uniq_terence
D:3:      layout_basic, nicolae_vehumet_altar_sigil, demons_altar, slow_altar_1,
          uniq_natasha, uniq_sigmund, uniq_jessica, uniq_robin
D:4:      layout_cave_pools
D:5:      layout_cave_pools, mainiacjoe_overflow_boulevard, okawaru_gym_becter,
          minmay_temple_entry_stoned_glass
D:6:      layout_basic, nicolae_overflow_squiral
D:7:      nzn_winding_woodlands_small [nzn_winding_woodlands_5x15_default,
          nzn_winding_woodlands_center_pierced_h,
          nzn_winding_woodlands_5x15_sidewinder], layout_loops_cross,
          enter_bailey_4

Skill      XL: |  1  2  3  4  5  6  7  8  9 |
---------------+----------------------------+-----
Dodging        | 2 3 |  3.1
Conjurations   | 2 3 4 5 |  5.7
Fire Magic     | 4 5 7 |  7.5
Maces & Flails | 1 2 |  2.0
Spellcasting   | 3 4 6 7 |  7.0
Fighting       | 1 |  1.1
Stealth        | |  2.1

Action                   |  1- 3 |  4- 6 |  7- 9 || total
-------------------------+-------+-------+-------++-------
Melee: Club              |     4 |       |       ||     4
       Whip              |    23 |    30 |    49 ||   102
 Cast: Foxfire           |    61 |    79 |   249 ||   389
       Scorch            |     4 |     7 |    29 ||    40
Evoke: Wand              |       |       |     6 ||     6
  Use: Scroll            |       |       |    20 ||    20
       Potion            |       |       |     1 ||     1
 Stab: Sleeping          |     1 |       |       ||     1
Armor: Robe              |    28 |    23 |    41 ||    92
Dodge: Dodged            |    32 |    28 |    84 ||   144

Table legend: (Time is in decaauts)
 A = Elapsed time spent in this place.
 B = Non-inter-level travel time spent in this place.
 C = Inter-level travel time spent in this place.
 D = Time resting spent in this place.
 E = Time spent auto-exploring this place.
 F = Levels seen in this place.
 G = Mean time per level.
                   A        B        C        D        E       F      G
               +--------+--------+--------+--------+--------+-----+--------+
         Total |   7759 |   7643 |    116 |   1140 |   4717 |   7 | 1108.4 |
       Dungeon |   7759 |   7643 |    116 |   1140 |   4717 |   7 | 1108.4 |
               +--------+--------+--------+--------+--------+-----+--------+

Top non-repeatable levels by time:
     D:3: 1658 daAuts
     D:4: 1343 daAuts
     D:2: 1313 daAuts
     D:1: 1299 daAuts
     D:6: 1054 daAuts
     D:5: 873 daAuts
     D:7: 218 daAuts
